 Dungeon Crawl Stone Soup version 0.30-a0-728-gc68057be0a (webtiles) character file.

Game seed: 3963987068490327255

213 sircluck the Chopper (level 5, -2/47 HPs)
             Began as a Hill Orc Fighter on Jan 31, 2023.
             Slain by a water moccasin (5 damage)
             ... on level 4 of the Dungeon.
             The game lasted 00:10:26 (2978 turns).

sircluck the Chopper (Hill Orc Fighter)             Turns: 2978, Time: 00:10:27

Health: -2/47      AC:  7    Str: 21    XL:     5   Next: 90%
Magic:  5/5        EV:  9    Int:  8    God:
Gold:   149        SH:  4    Dex: 10    Spells: 4/4 levels left

rFire   . . .      SeeInvis .    a - +0 war axe
rCold   . . .      Faith    .    c - +0 buckler
rNeg    . . .      Spirit   .    b - +0 scale mail
rPois   .          Reflect  .    (no helmet)
rElec   .          Harm     .    (no cloak)
rCorr   .          Rampage  .    (no gloves)
Will    .....                    (no boots) Stlth
                                 (no amulet)
HPRegen 0.27/turn                (no ring)
MPRegen 0.09/turn                (no ring)

@: lethally poisoned (-2 -> -12)
A: no striking features
a: no special abilities


You were on level 4 of the Dungeon.
You visited 1 branch of the dungeon, and saw 4 of its levels.

You collected 149 gold pieces.

Inventory:

Hand Weapons
 a - a +0 war axe (weapon)
 p - a +0 sling
 w - a +1 spear of venom
 y - a +1 short sword of venom
Missiles
 h - 5 poisoned darts
 l - 22 stones (quivered)
Armour
 b - a +0 scale mail (worn)
 c - a +0 buckler (worn)
 e - a +0 plate armour
 z - the +0 leather armour of Lilacs {Contam +Blink rElec rC+++}
   (You found it on level 3 of the Dungeon)

   rC:        It renders you almost immune to cold.
   rElec:     It insulates you from electricity.
   +Blink:    It lets you blink.
   Contam:    It causes magical contamination when unequipped.
Wands
 B - a wand of roots (7)
Scrolls
 g - 2 scrolls of amnesia {unknown}
 j - 3 scrolls of identify
 m - 2 scrolls of teleportation
 n - a scroll of noise {unknown}
 q - 2 scrolls of acquirement {unknown}
 r - a scroll of magic mapping {unknown}
 t - a scroll of silence {unknown}
 u - a scroll of brand weapon {unknown}
 x - a scroll of enchant armour {unknown}
Potions
 d - 4 potions of might
 i - 2 potions of heal wounds {unknown}
 k - a potion of curing
 o - 2 potions of attraction {unknown}
 s - a potion of resistance {unknown}
 v - a potion of cancellation {unknown}
 A - a potion of berserk rage {unknown}


   Skills:
 + Level 4.3 Fighting
 + Level 5.8 Axes
 + Level 0.2 Throwing
 + Level 4.3 Armour
 + Level 0.1 Dodging
 + Level 3.9 Shields


You had 4 spell levels left.
You didn't know any spells.
Your spell library contained the following spells:

 Spells                   Type           Power      Damage    Failure   Level
 Beastly Appendage        Tmut           0%         N/A       83%         1
 Kiss of Death            Conj/Necr      0%         2d5       83%         1
 Blink                    Tloc           0%         N/A       92%         2
 Lesser Beckoning         Tloc           0%         N/A       92%         2
 Momentum Strike          Conj/Tloc      0%         3d8       92%         2
 Wereblood                Tmut           0%         N/A       92%         2
 Confusing Touch          Hex            0%         N/A       99%         3
 Ignite Poison            Fire/Tmut/Pois 0%         N/A       99%         3
 Kindle Blastsparks       Fire/Tloc/Air  0%         2d10      99%         3
 Spider Form              Tmut/Pois      0%         N/A       99%         3
 Dispel Undead            Necr           0%         3d6       100%        4
 Freezing Cloud           Conj/Ice/Air   0%         6-21      100%        5


Dungeon Overview and Level Annotations

Branches:
Dungeon (4/15)
 Temple: D:4-7

Altars:

Annotations:
D:4 Ijyb


Message History

The ball python constricts you. You block the water moccasin's attack.
You barely miss the water moccasin.
The water moccasin is heavily wounded.
You hit the orc. You slash the ball python!
You kill the ball python!
You closely miss the orc. The water moccasin barely misses you.
The orc hits you with a +0 whip. The orc closely misses you.
You hit the water moccasin.
The water moccasin is severely wounded.
You slash the orc!
You kill the orc!
You hit the orc but do no damage. The water moccasin bites you.
The orc hits you but does no damage. The water moccasin closely misses you.
You hit the water moccasin.
The water moccasin is severely wounded.
You closely miss the orc. The water moccasin bites you.
You are poisoned.
The water moccasin poisons you! The orc hits you with a +0 whip.
* * * LOW HITPOINT WARNING * * *
The water moccasin bites you.
* * * LOW HITPOINT WARNING * * *
You are more poisoned.
The water moccasin poisons you! The orc hits you but does no damage.
You feel better. The water moccasin barely misses you.
The orc hits you with a +0 whip. The water moccasin barely misses you.
The orc hits you but does no damage.
You hit the water moccasin.
The water moccasin is almost dead.
You slash the orc!
You kill the orc!
The water moccasin bites you!
* * * LOW HITPOINT WARNING * * *
You are lethally poisoned!
The water moccasin poisons you! You block the water moccasin's attack.
You closely miss the water moccasin.
The water moccasin is almost dead.
* * * LOW HITPOINT WARNING * * *
You feel very sick. The water moccasin bites you.
You die...

##### ########...#
#..........########
#..........#...§...
#..........#..So...
#.<)).>....#..o.##.
#.@S.......#...##.#
####).##.......#..#
##.##.....##..##
#.##....##.##†.
#..#.#..#.? #.#
#..#.##..#. #.#
.........## .#.
.........# #. .
.....o..# #.##


You could see a water moccasin.

Vanquished Creatures
  A jelly (D:4)
  An iguana (D:4)
  7 adders
  2 worms (D:2)
  A dart slug (D:1)
  7 orcs
  7 ball pythons
  7 bats
  7 endoplasms
  5 giant cockroaches
  7 goblins
  4 hobgoblins
  10 jackals
  A frilled lizard (D:1)
  A kobold (D:1)
  7 rats
75 creatures vanquished.

Notes
Turn   | Place    | Note
-------+----------+-------------------------------------------
     0 | D:1      | sircluck the Hill Orc Fighter began the quest for the Orb.
     0 | D:1      | Reached XP level 1. HP: 19/19 MP: 1/1
    77 | D:1      | Reached XP level 2. HP: 27/27 MP: 2/2
   414 | D:1      | Reached skill level 3 in Axes
   479 | D:1      | You fall into a shaft and drop 1 floor!
   506 | D:2      | Reached XP level 3. HP: 19/33 MP: 3/3
  1178 | D:2      | Reached skill level 4 in Axes
  1178 | D:2      | Reached XP level 4. HP: 14/40 MP: 4/4
  2003 | D:3      | Identified the +0 leather armour of Lilacs {Contam +Blink
                  | rElec rC+++}
  2107 | D:3      | Reached XP level 5. HP: 45/46 MP: 5/5
  2283 | D:3      | Reached skill level 5 in Axes
  2843 | D:4      | Noticed Ijyb
  2945 | D:4      | Noticed a water moccasin
  2978 | D:4      | Slain by a water moccasin

Illustrated notes

Levels and vault maps discovered:
D:1:      ncdulo_halloftheorcs, layout_basic, grunt_decor_cap
D:2:      layout_loops_ring, amcnicky_mini_rare_corridor_liquid,
          ebering_dispersal_statue_hall
D:3:      layout_basic, serial_curves, eino_curves_02, eino_curves_03,
          glass_columns_c
D:4:      layout_rooms, gammafunk_temple_overflow_claw,
          minmay_misc_feat_more_columns, minmay_shop_grid_forest,
          minmay_pentomino_pile, uniq_crazy_yiuf_cottage, uniq_ijyb

Skill      XL: |  1  2  3  4  5 |
---------------+----------------+-----
Axes           | 3 4 5 |  5.8
Fighting       | 4 |  4.3
Armour         | 4 |  4.3
Throwing       | |  0.2
Dodging        | |  0.1
Shields        | |  3.9

Action                     |  1- 3 |  4- 6 || total
---------------------------+-------+-------++-------
  Melee: War axe           |    69 |   121 ||   190
  Throw: Dart              |     4 |       ||     4
         Stone             |     3 |       ||     3
    Use: Scroll            |       |     5 ||     5
         Potion            |       |     2 ||     2
 Armour: Scale mail        |    40 |    69 ||   109
  Dodge: Dodged            |    35 |    75 ||   110
  Block: Buckler           |    16 |    44 ||    60

Table legend: (Time is in decaauts)
 A = Elapsed time spent in this place.
 B = Non-inter-level travel time spent in this place.
 C = Inter-level travel time spent in this place.
 D = Time resting spent in this place.
 E = Time spent auto-exploring this place.
 F = Levels seen in this place.
 G = Mean time per level.
                   A        B        C        D        E       F      G
               +--------+--------+--------+--------+--------+-----+--------+
         Total |   3039 |   2761 |    278 |      0 |   1432 |   4 |  759.8 |
       Dungeon |   3039 |   2761 |    278 |      0 |   1432 |   4 |  759.8 |
               +--------+--------+--------+--------+--------+-----+--------+

Top non-repeatable levels by time:
     D:1: 959 daAuts
     D:2: 916 daAuts
     D:3: 868 daAuts
     D:4: 294 daAuts
